 Dungeon Crawl Stone Soup version 0.31-a0-640-g39d97e502b (webtiles) character file.

Game seed: 12499097289302053829

67 qw the Shooter (level 4, -1/28 HPs)
             Began as a Gargoyle Hunter on Aug 27, 2023.
             Slain by a goblin
             ... wielding a +0 club
              (4 damage)
             ... on level 2 of the Dungeon.
             The game lasted 00:00:36 (1049 turns).

qw the Shooter (Gargoyle Hunter)                    Turns: 1049, Time: 00:00:37

Health: -1/28      AC:  8    Str: 15    XL:     4   Next: 16%
Magic:  4/4        EV: 11    Int:  9    God:
Gold:   56         SH:  5    Dex: 15    Spells: 3/3 levels left

rFire   . . .        Y - +0 shortbow
rCold   . . .        (shield currently unavailable)
rNeg    + . .        e - +0 ring mail
rPois   inf          (no helmet)
rElec   +            (no cloak)
rCorr   .            (no gloves)
SInv    .            (no boots)
Will    .....        i - amulet of reflection
Stlth   +            (no ring)
HPRegen 0.24/turn    (no ring)
MPRegen 0.09/turn

%: reflection
@: no status effects
A: sickness immunity, AC +3, negative energy resistance 1, electricity
resistance, torment resistance 1, petrification resistance
a: no special abilities


You were on level 2 of the Dungeon.
You visited 1 branch of the dungeon, and saw 2 of its levels.

You collected 56 gold pieces.


Innate Abilities, Weirdness & Mutations

You are immune to sickness and miasma.
Your stone body is resilient. (AC +3)
You are immune to poison.
You resist negative energy. (rN+)
You are resistant to electric shocks. (rElec)
You are resistant to unholy torment.
You are immune to petrification.


   Skills:
 - Level 3.0 Fighting
 + Level 5.1 Ranged Weapons
 - Level 1.0 Armour
 - Level 1.5 Dodging
 - Level 1.1 Stealth


You had 3 spell levels left.
You didn't know any spells.
Your spell library was empty.

Inventory:

Hand Weapons
 Y - a +0 shortbow (weapon)
Armour
 e - a +0 ring mail (worn)
Jewellery
 d - a ring of flight
 i - an amulet of reflection (around neck)
Scrolls
 a - a scroll of amnesia {unknown}
 b - a scroll of blinking {unknown}
 c - a scroll of torment {unknown}
Potions
 f - a potion of enlightenment
 g - a potion of brilliance {unknown}
 h - a potion of lignification {unknown}
 j - a potion of curing
 k - a potion of heal wounds {unknown}
 l - 2 potions of berserk rage {unknown}

Dungeon Overview and Level Annotations

Branches:
Dungeon (2/15)

Altars:

Annotations:
D:2 Ijyb


Message History

The goblin hits you but does no damage. You block the bat's attack.
You shoot an arrow. The arrow hits Ijyb.
Ijyb is moderately wounded.
The bat misses you. Ijyb hits you but does no damage.
The goblin hits you but does no damage. You block the goblin's attack.
The goblin barely misses you. The goblin hits you with a +0 dagger.
You block Ijyb's attack.
The goblin hits you but does no damage. x2
The goblin closely misses you. You block the goblin's attack.
You shoot an arrow. The arrow barely misses Ijyb.
The bat barely misses you. Ijyb hits you but does no damage.
The goblin closely misses you.
The goblin hits you but does no damage. x2
The goblin barely misses you.
You shoot an arrow. The arrow closely misses Ijyb.
The bat hits you but does no damage. Ijyb barely misses you.
The goblin hits you but does no damage. x2; You block the goblin's attack. x2
The bat barely misses you.
You shoot an arrow. The arrow barely misses Ijyb.
The bat closely misses you. You block Ijyb's attack.
The goblin hits you but does no damage. The goblin barely misses you.
You block the goblin's attack. The goblin hits you with a +0 club.
You shoot an arrow. The arrow completely misses Ijyb.
You block the bat's attack. You block Ijyb's attack.
The goblin barely misses you. The goblin closely misses you.
The goblin hits you with a +0 club. The goblin barely misses you.
Ijyb misses you. The goblin hits you with a +0 club.
The goblin hits you with a +0 dagger. x2; The goblin closely misses you.
You shoot an arrow. The arrow hits Ijyb but does no damage.
Ijyb is moderately wounded.
The bat barely misses you. Ijyb hits you with a +0 club. The goblin misses you.
The bat hits you but does no damage. You block the goblin's attack.
The goblin hits you but does no damage. The goblin barely misses you.
You shoot an arrow. The arrow misses Ijyb.
You block the bat's attack. Ijyb barely misses you.
You block the goblin's attack.
The goblin hits you but does no damage. x2
The goblin barely misses you.
You shoot an arrow. The arrow barely misses Ijyb.
You block the bat's attack. Ijyb closely misses you.
The goblin hits you with a +0 club. You block the goblin's attack.
The goblin hits you with a +0 club.
You die...

........##......# ######
.....##..'......# .....
......#.##......## .....
.#.#.##.###......#8.....
......#.# #.....##......
###### .#.#..#.#
#.....##8..... #.....
##.#.)#.###.###'#.......
#.####
..........gg......
..####...b@gg..#... ..#
#....gg.### ... ######
#.......+ ....+..... #.
#......... .......... ..
##....:.#?. ####...... .
#.#....#..8#...###..#
..%....#####......### ##
###.....#...#..###..# .#
#......# #..#


You could see Ijyb, 5 goblins and a bat.

Vanquished Creatures
  A gnoll (D:1)
  A worm (D:2)
  2 dart slugs (D:1)
  3 ball pythons
  3 endoplasms (D:1)
  11 goblins
  3 hobgoblins
  5 jackals (D:2)
  A quokka (D:1)
  A bat (D:2)
  5 frilled lizards
  6 kobolds
  3 rats
45 creatures vanquished.

Notes
Turn   | Place    | Note
-------+----------+-------------------------------------------
     0 | D:1      | qw the Gargoyle Hunter began the quest for the Orb.
     0 | D:1      | Reached XP level 1. HP: 12/12 MP: 1/1
     0 | D:1      | 0 ||| qw: Version: 0.3-a-74-g0d5e918
     0 | D:1      | 0 ||| qw: Game counter: 40
     0 | D:1      | 0 ||| qw: Melee chars always use a shield: true
     0 | D:1      | 0 ||| qw: God list: Okawaru
     0 | D:1      | 0 ||| qw: Allow faded altars: false
     0 | D:1      | 0 ||| qw: Do Orc after clearing Dungeon:15 true
     0 | D:1      | 0 ||| qw: Do second Lair branch before Depths: true
     0 | D:1      | 0 ||| qw: Lair rune preference: random
     0 | D:1      | 0 ||| qw: Goals: Normal
     0 | D:1      | 0 ||| PLANNING D:1-11
    67 | D:1      | Reached XP level 2. HP: 17/17 MP: 2/2
   398 | D:1      | 398 ||| Stepping ~*~*~tactically~*~*~ (retreating).
   399 | D:1      | 399 ||| Stepping ~*~*~tactically~*~*~ (retreating).
   402 | D:1      | Reached skill level 5 in Ranged Weapons
   402 | D:1      | Reached XP level 3. HP: 18/21 MP: 3/3
   709 | D:1      | 709 ||| UPGRADING to +0 ring mail.
   719 | D:1      | 719 ||| DROPPING +0 leather armour.
   720 | D:1      | 720 ||| UPGRADING to amulet of reflection.
   725 | D:1      | 725 ||| DROPPING ring of magical power.
   726 | D:1      | 726 ||| READING scroll labelled ESTIGESHEAFA.
   727 | D:1      | 727 ||| DRINKING 2 coppery potions.
   728 | D:1      | 728 ||| DRINKING 2 viscous blue potions.
   729 | D:1      | 729 ||| DROPPING scroll of butterflies.
   886 | D:2      | Reached skill level 1 in Armour
   934 | D:2      | Reached skill level 3 in Fighting
   934 | D:2      | Reached XP level 4. HP: 28/28 MP: 4/4
  1030 | D:2      | Noticed Ijyb
  1047 | D:2      | HP: 3/28 [Ijyb/+0 club (5)]
  1049 | D:2      | Slain by a goblin

Levels and vault maps discovered:
D:1:      amcnicky_arrival_choice, layout_loops_cross
D:2:      kennysheep_the_goblin_king, layout_basic,
          shapermc_ecumenical_altar_mp_vishouse

Skill      XL: |  1  2  3 |
---------------+----------+-----
Ranged Weapons | 5 |  5.1
Armour         | 1 |  1.0
Fighting       | 3 |  3.0
Dodging        | |  1.5
Stealth        | |  1.1

Action                     |  1- 3 |  4- 6 || total
---------------------------+-------+-------++-------
   Fire: Shortbow          |   114 |    31 ||   145
    Use: Potion            |     2 |       ||     2
         Scroll            |     1 |       ||     1
 Armour: Leather armour    |    18 |       ||    18
         Ring mail         |    20 |    32 ||    52
  Dodge: Dodged            |    28 |    40 ||    68
  Block: Other             |     8 |    22 ||    30

Table legend:
 A = Non-vault XP
 B = Vault XP
 C = Vault XP percentage of total XP
 D = Non-vault monster count
 E = Vault monster count
 F = Vault count percentage of total count
                 A         B        C        D         E       F
            +---------+---------+-------+---------+---------+-------
      Total |      94 |       2 |   2.1 |      44 |       1 |   2.2
            +---------+---------+-------+---------+---------+-------
        D:1 |      59 |       0 |   0.0 |      25 |       0 |   0.0
        D:2 |      35 |       2 |   5.4 |      19 |       1 |   5.0
            +---------+---------+-------+---------+---------+-------
